MID
CLINTON LUMBERKINGS @ LEXINGTON LEGENDS
04/22/2048
 
TOP OF THE 1ST
Clinton LumberKings batting - Pitching for Lexington Legends : LHP Tyler Abraham
Pitching: LHP Tyler Abraham
Batting: RHB Heihachiro Fujita 0-0: Swinging Strike
0-1: Swinging Strike
0-2: Strikes out swinging
Batting: RHB Kinzo Yokoyama 0-0: Swinging Strike
0-1: Ball
1-1: Ball
2-1: DOUBLE (Flyball, 8LXD, EV 90.6 MPH)
Batting: RHB Chris Skaff 0-0: Called Strike
0-1: Ball
1-1: Ball
2-1: Ball
3-1: Base on Balls
Batting: RHB Ivan Davila 0-0: Called Strike
0-1: Fielders Choice at 2nd, 5-4 (Groundball, 56, EV 100.0 MPH)
Kinzo Yokoyama to third
Batting: RHB Rich Justice 0-0: Ball
1-0: Called Strike
1-1: Foul Ball, location: 2F
1-2: Foul Ball, location: 2F
1-2: Fly out, F6 (Line Drive, 6, EV 70.6 MPH)
Top of the 1st over - 0 runs, 1 hit, 0 errors, 2 left on base; Clinton 0 - Lexington 0
BOTTOM OF THE 1ST
Lexington Legends batting - Pitching for Clinton LumberKings : LHP Ramiro Aguilar
Pitching: LHP Ramiro Aguilar
Batting: RHB Kevin Wimberly 0-0: Bunt missed!
0-1: Ball
1-1: Ball
2-1: Foul Ball, location: 2F
2-2: Foul Ball, location: 2F
2-2: Ground out 6-3 (Groundball, 6, EV 77.5 MPH)
Batting: RHB Chad Sullivan 0-0: Called Strike
0-1: Ground out 6-3 (Groundball, 6, EV 83.1 MPH)
Batting: RHB Nick Julien 0-0: Foul Ball, location: 2F
0-1: Ball
1-1: Ball
2-1: Ball
3-1: Foul Ball, location: 2F
3-2: Foul Ball, location: 2F
3-2: Foul Ball, location: 2F
3-2: Ground out U3 (Groundball, 34S, EV 83.1 MPH)
Bottom of the 1st over - 0 runs, 0 hits, 0 errors, 0 left on base; Clinton 0 - Lexington 0
TOP OF THE 2ND
Clinton LumberKings batting - Pitching for Lexington Legends : LHP Tyler Abraham
Batting: RHB Tze-meng Li 0-0: Ball
1-0: Called Strike
1-1: Ball
2-1: Foul Ball, location: 2F
2-2: Ball
3-2: Ground out 4-3 (Groundball, 4M, EV 88.1 MPH)
Pitching: RHP Gary Ackerman
Batting: SHB Raghnall Ahearne 0-0: Foul Ball, location: 2F
0-1: Ball
1-1: Swinging Strike
1-2: Ball
2-2: Strikes out swinging
Batting: RHB Bryan Shuller 0-0: Foul Ball, location: 2F
0-1: Foul Ball, location: 2F
0-2: Foul Ball, location: 2F
0-2: Ball
1-2: Strikes out swinging
Top of the 2nd over - 0 runs, 0 hits, 0 errors, 0 left on base; Clinton 0 - Lexington 0
BOTTOM OF THE 2ND
Lexington Legends batting - Pitching for Clinton LumberKings : LHP Ramiro Aguilar
Batting: SHB Bill Ertl 0-0: Ball
1-0: Called Strike
1-1: SINGLE (Groundball, 56S, EV 65.0 MPH) (infield hit)
Batting: LHB Bobby Gonzalez 0-0: Called Strike
0-1: Ball
1-1: Foul Ball, location: 2F
1-2: Foul Ball, location: 2F
1-2: Foul Ball, location: 2F
1-2: Strikes out swinging
Batting: RHB Justin Goff 0-0: Grounds into double play, 6-4-3 (Groundball, 6S, EV 83.1 MPH)
Bottom of the 2nd over - 0 runs, 1 hit, 0 errors, 0 left on base; Clinton 0 - Lexington 0
TOP OF THE 3RD
Clinton LumberKings batting - Pitching for Lexington Legends : RHP Gary Ackerman
Batting: SHB Tony Morales 0-0: Called Strike
0-1: Ball
1-1: Foul Ball, location: 2F
1-2: Ball
2-2: Ball
3-2: Strikes out looking
Batting: RHB Heihachiro Fujita 0-0: Ball
1-0: Ground out 3-1 (Groundball, 34, EV 91.2 MPH)
Batting: RHB Kinzo Yokoyama 0-0: Swinging Strike
0-1: Ball
1-1: Ground out 5-3 (Groundball, 56, EV 80.6 MPH)
Top of the 3rd over - 0 runs, 0 hits, 0 errors, 0 left on base; Clinton 0 - Lexington 0
BOTTOM OF THE 3RD
Lexington Legends batting - Pitching for Clinton LumberKings : LHP Ramiro Aguilar
Batting: RHB Nate De Jongh 0-0: Ball
1-0: Ball
2-0: Called Strike
2-1: Foul Ball, location: 2F
2-2: SINGLE (Flyball, 3D, EV 98.1 MPH)
Batting: LHB Josh Dalton 0-0: Called Strike
0-1: Foul Ball, location: 2F
0-2: Grounds into double play, 4-6-3 (Groundball, 4, EV 81.9 MPH)
Batting: LHB Danny Pacheco 0-0: Ball
1-0: Called Strike
1-1: Ground out 1-3 (Groundball, 13S, EV 60.6 MPH)
Bottom of the 3rd over - 0 runs, 1 hit, 0 errors, 0 left on base; Clinton 0 - Lexington 0
TOP OF THE 4TH
Clinton LumberKings batting - Pitching for Lexington Legends : RHP Gary Ackerman
Batting: RHB Chris Skaff 0-0: Called Strike
0-1: Ball
1-1: Foul Ball, location: 2F
1-2: Strikes out looking
Batting: RHB Ivan Davila 0-0: Fly out, F9 (Flyball, 89D, EV 98.1 MPH)
Batting: RHB Rich Justice 0-0: Swinging Strike
0-1: Foul Ball, location: 2F
0-2: Strikes out swinging
Top of the 4th over - 0 runs, 0 hits, 0 errors, 0 left on base; Clinton 0 - Lexington 0
BOTTOM OF THE 4TH
Lexington Legends batting - Pitching for Clinton LumberKings : LHP Ramiro Aguilar
Batting: RHB Kevin Wimberly 0-0: Ball
1-0: SINGLE (Line Drive, 34D, EV 96.9 MPH)
Batting: RHB Chad Sullivan 0-0: Called Strike
0-1: Ball
1-1: Foul Ball, location: 2F
1-2: Strikes out swinging
Batting: RHB Nick Julien 0-0: Foul Ball, location: 2F
0-1: Ball
1-1: Ball
2-1: Ball
3-1: Base on Balls
Kevin Wimberly to second
Batting: SHB Bill Ertl 0-0: Foul Ball, location: 2F
0-1: Foul Ball, location: 2F
0-2: Grounds into double play, 6-4-3 (Groundball, 6, EV 87.5 MPH)
Bottom of the 4th over - 0 runs, 1 hit, 0 errors, 1 left on base; Clinton 0 - Lexington 0
TOP OF THE 5TH
Clinton LumberKings batting - Pitching for Lexington Legends : RHP Gary Ackerman
Batting: RHB Tze-meng Li 0-0: Called Strike
0-1: Ball
1-1: Swinging Strike
1-2: Foul Ball, location: 2F
1-2: Strikes out swinging
Batting: SHB Raghnall Ahearne 0-0: Ball
1-0: Fly out, F5 (Popup, 5F, EV 55.0 MPH)
Batting: RHB Bryan Shuller 0-0: Ball
1-0: Ball
2-0: Ball
3-0: Base on Balls
Batting: SHB Tony Morales 0-0: Ball
1-0: Fielders Choice at 2nd, 6-4 (Groundball, 6, EV 86.2 MPH)
Top of the 5th over - 0 runs, 0 hits, 0 errors, 1 left on base; Clinton 0 - Lexington 0
BOTTOM OF THE 5TH
Lexington Legends batting - Pitching for Clinton LumberKings : LHP Ramiro Aguilar
Batting: LHB Bobby Gonzalez 0-0: Ball
1-0: Foul Ball, location: 2F
1-1: Foul Ball, location: 2F
1-2: SINGLE (Groundball, 4D, EV 95.6 MPH)
Batting: RHB Justin Goff 0-0: Called Strike
0-1: Called Strike
0-2: Ball
1-2: Strikes out swinging
Batting: RHB Nate De Jongh 0-0: Ball
1-0: Called Strike
1-1: Ball
2-1: Fielders Choice at 2nd, 4-6 (Groundball, 4, EV 88.8 MPH)
Batting: LHB Josh Dalton 0-0: Ball
1-0: Foul Ball, location: 2F
1-1: Foul Ball, location: 2F
1-2: Fly out, F7 (Flyball, 7S, EV 90.0 MPH)
Bottom of the 5th over - 0 runs, 1 hit, 0 errors, 1 left on base; Clinton 0 - Lexington 0
TOP OF THE 6TH
Clinton LumberKings batting - Pitching for Lexington Legends : RHP Gary Ackerman
Pitching: RHP Kolenka Leschenya
Batting: RHB Heihachiro Fujita 0-0: Ball
1-0: Called Strike
1-1: Swinging Strike
1-2: Strikes out swinging
Batting: RHB Kinzo Yokoyama 0-0: Ball
1-0: Called Strike
1-1: Ball
2-1: Ball
3-1: Called Strike
3-2: Strikes out looking
Batting: RHB Chris Skaff 0-0: Ball
1-0: Foul Ball, location: 2F
1-1: Ball
2-1: Swinging Strike
2-2: Ball
3-2: Ground out 6-3 (Groundball, 6, EV 91.2 MPH)
Top of the 6th over - 0 runs, 0 hits, 0 errors, 0 left on base; Clinton 0 - Lexington 0
BOTTOM OF THE 6TH
Lexington Legends batting - Pitching for Clinton LumberKings : LHP Ramiro Aguilar
Batting: LHB Danny Pacheco 0-0: Ground out 4-3 (Groundball, 34D, EV 103.8 MPH)
Batting: RHB Kevin Wimberly 0-0: Ball
1-0: Foul Ball, location: 2F
1-1: Ground out 4-3 (Groundball, 34, EV 106.2 MPH)
Batting: RHB Chad Sullivan 0-0: Ball
1-0: SINGLE (Line Drive, 4D, EV 95.0 MPH)
Batting: RHB Nick Julien 0-0: Ball
1-0: Ball
2-0: Called Strike
2-1: 2-RUN HOME RUN (Flyball, 78XD, EV 110.0 MPH), Distance : 426 ft
Batting: SHB Bill Ertl 0-0: Called Strike
0-1: Fly out, F9 (Flyball, 89M, EV 91.2 MPH)
Bottom of the 6th over - 2 runs, 2 hits, 0 errors, 0 left on base; Clinton 0 - Lexington 2
TOP OF THE 7TH
Clinton LumberKings batting - Pitching for Lexington Legends : RHP Kolenka Leschenya
Pitching: RHP Luis Diaz
Batting: RHB Ivan Davila 0-0: Foul Ball, location: 2F
0-1: Ball
1-1: Swinging Strike
1-2: Ball
2-2: Strikes out swinging
Batting: RHB Rich Justice 0-0: SINGLE (Groundball, 6MS, EV 81.9 MPH) (infield hit)
Batting: RHB Tze-meng Li 0-0: Called Strike
0-1: Ground out 4-3 (Groundball, 34, EV 83.1 MPH)
Rich Justice to second
Batting: SHB Raghnall Ahearne 0-0: Ball
1-0: Called Strike
1-1: Called Strike
1-2: Foul Ball, location: 2F
1-2: Ball
2-2: Ball
3-2: Strikes out swinging
Top of the 7th over - 0 runs, 1 hit, 0 errors, 1 left on base; Clinton 0 - Lexington 2
BOTTOM OF THE 7TH
Lexington Legends batting - Pitching for Clinton LumberKings : LHP Ramiro Aguilar
Pitching: RHP Ke-yong Khoo
Batting: LHB Bobby Gonzalez 0-0: Ball
1-0: SOLO HOME RUN (Flyball, 9D, EV 97.5 MPH), Distance : 369 ft
Batting: RHB Justin Goff 0-0: Called Strike
0-1: Foul Ball, location: 2F
0-2: Ball
1-2: Foul Ball, location: 2F
1-2: Ground out 6-3 (Groundball, 6, EV 108.8 MPH)
Batting: RHB Nate De Jongh 0-0: Foul Ball, location: 2F
0-1: Ball
1-1: Foul Ball, location: 2F
1-2: Fly out, F8 (Flyball, 8RM, EV 97.5 MPH)
Batting: LHB Josh Dalton 0-0: SOLO HOME RUN (Flyball, 89XD, EV 111.9 MPH), Distance : 415 ft
Batting: LHB Danny Pacheco 0-0: Foul Ball, location: 2F
0-1: Swinging Strike
0-2: Ball
1-2: Ball
2-2: Foul Ball, location: 2F
2-2: SINGLE (Groundball, 4D, EV 99.4 MPH)
Batting: RHB Kevin Wimberly 0-0: Ball
Wild Pitch!
Danny Pacheco to second
1-0: Ball
2-0: Ball
3-0: Swinging Strike
3-1: SINGLE (Groundball, 56D, EV 97.5 MPH)
Danny Pacheco to third
Runner from 3rd tries for Home, SAFE, throw by LF to home
Pitching: RHP Rickey DuMire
Batting: RHB Chad Sullivan 0-0: Ball
1-0: Called Strike
Kevin Wimberly is caught stealing 2nd base 2-4
Bottom of the 7th over - 3 runs, 4 hits, 0 errors, 0 left on base; Clinton 0 - Lexington 5
TOP OF THE 8TH
Clinton LumberKings batting - Pitching for Lexington Legends : RHP Luis Diaz
Batting: RHB Bryan Shuller 0-0: Ball
1-0: Ball
2-0: Ball
3-0: Called Strike
3-1: Foul Ball, location: 2F
3-2: Strikes out swinging
Batting: SHB Tony Morales 0-0: Swinging Strike
0-1: Ball
1-1: Foul Ball, location: 2F
1-2: Ball
2-2: Strikes out swinging
Batting: RHB Heihachiro Fujita 0-0: Ball
1-0: Foul Ball, location: 2F
1-1: Ball
2-1: SINGLE (Flyball, 8RS, EV 94.4 MPH)
Pitching: LHP Butch Ott
Batting: RHB Kinzo Yokoyama 0-0: Foul Ball, location: 2F
0-1: Ball
1-1: Ball
2-1: Ball
3-1: Fielders Choice at 2nd, 6-4 (Groundball, 6, EV 108.8 MPH)
Top of the 8th over - 0 runs, 1 hit, 0 errors, 1 left on base; Clinton 0 - Lexington 5
BOTTOM OF THE 8TH
Lexington Legends batting - Pitching for Clinton LumberKings : RHP Rickey DuMire
Batting: RHB Chad Sullivan 0-0: Called Strike
0-1: Foul Ball, location: 2F
0-2: Foul Ball, location: 2F
0-2: Fly out, F9 (Flyball, 9S, EV 91.9 MPH)
Batting: RHB Nick Julien 0-0: Called Strike
0-1: Ball
1-1: Ball
2-1: Foul Ball, location: 2F
2-2: Ball
3-2: Ground out 5-3 (Groundball, 56, EV 107.5 MPH)
Batting: SHB Bill Ertl 0-0: Ball
1-0: Foul Ball, location: 2F
1-1: Foul Ball, location: 2F
1-2: Strikes out looking
Bottom of the 8th over - 0 runs, 0 hits, 0 errors, 0 left on base; Clinton 0 - Lexington 5
TOP OF THE 9TH
Clinton LumberKings batting - Pitching for Lexington Legends : LHP Butch Ott
Batting: RHB Chris Skaff 0-0: Ball
1-0: Ball
2-0: Ball
3-0: Base on Balls
Batting: RHB Ivan Davila 0-0: DOUBLE (Groundball, 5L, EV 96.2 MPH)
Chris Skaff to third
Batting: RHB Rich Justice 0-0: Ball
1-0: Ball
2-0: Called Strike
2-1: Foul Ball, location: 2F
2-2: Strikes out looking
Batting: RHB Tze-meng Li 0-0: Ball
1-0: Ball
2-0: Foul Ball, location: 2F
2-1: Ball
3-1: SINGLE (Line Drive, 56, EV 96.2 MPH)
Chris Skaff scores
Ivan Davila to third
Batting: SHB Raghnall Ahearne 0-0: Ball
1-0: Ball
2-0: Called Strike
2-1: Ball
3-1: Base on Balls
Tze-meng Li to second
Pitching: RHP Tony Jimenez
Pinch Hitting: RHB Ryan Criollo 0-0: Ball
1-0: Ball
2-0: Called Strike
2-1: Called Strike
2-2: Ball
3-2: DOUBLE (Line Drive, 9LM, EV 105.0 MPH)
Ivan Davila scores
Tze-meng Li scores
Raghnall Ahearne to third
Batting: SHB Tony Morales 0-0: Ball
1-0: Ground out 5-3 (Groundball, 56, EV 81.2 MPH)
Raghnall Ahearne scores
Batting: RHB Heihachiro Fujita 0-0: Ball
1-0: Ball
2-0: Called Strike
2-1: Foul Ball, location: 2F
2-2: Foul Ball, location: 2F
2-2: Strikes out swinging
Top of the 9th over - 4 runs, 3 hits, 0 errors, 1 left on base; Clinton 4 - Lexington 5
Tuesday, March 28th , 2023 - OOTP Baseball 23.10 Build 110